 Dungeon Crawl Stone Soup version 0.29.0-11-gd7f09526c8 (webtiles) character file.

Game seed: 5830148952863408961

2025 owoPain the Chopper (level 9, -1/72 HPs)
             Began as a Palentonga Fighter on Sept 5, 2022.
             Was a Believer of Dithmenos.
             Killed from afar by an acid dragon (28 damage)
             ... with a splash of acid
             ... on level 8 of the Dungeon.
             The game lasted 00:15:55 (7318 turns).

owoPain the Chopper (Palentonga Fighter)            Turns: 7318, Time: 00:15:55

Health: -1/72      AC: 14    Str: 25    XL:     9   Next: 3%
Magic:  9/9        EV:  9    Int:  9    God:    Dithmenos [**....]
Gold:   372        SH:  4    Dex: 10    Spells: 8/8 levels left

rFire   . . .      SeeInvis +   D - +2 hand axe (flame)
rCold   . . .      Faith    .   c - +0 buckler
rNeg    . . .      Spirit   .   r - +0 plate armour
rPois   .          Reflect  .   K - +0 helmet
rElec   .          Harm     .   (no cloak)
rCorr   .          Rampage  .   (no gloves)
Will    .....                   (no barding)
Stlth   ..........              (no amulet)
HPRegen 0.22/turn               o - +4 ring of evasion
MPRegen 0.11/turn               (no ring)

@: corroded, slowed, wreathed by umbra, curled up, very slow
A: large, rugged brown scales 3, see invisible, deformed body, roll 1, armoured
tail, reflexive curl
a: Rolling Charge, Renounce Religion, Shadow Step


You were on level 8 of the Dungeon.
You worshipped Dithmenos.
Dithmenos was pleased with you.
You visited 1 branch of the dungeon, and saw 8 of its levels.

You collected 372 gold pieces.

Inventory:

Hand Weapons
 a - a +0 flail
 l - a +0 arbalest
 A - a +0 shortbow
 D - a +2 hand axe of flaming (weapon)
 I - a +1 vampiric whip
 J - a +3 spear
 L - a +0 whip of flaming
Missiles
 E - 3 silver boomerangs
 N - a throwing net
Armour
 b - a +0 scale mail
 c - a +0 buckler (worn)
 n - a +0 pair of boots
 r - a +0 plate armour (worn)
 w - a +0 buckler
 K - a +0 helmet (worn)
Jewellery
 o - a +4 ring of evasion (left hand)
 P - a ring of flight
Wands
 M - a wand of paralysis (9)
Scrolls
 e - 2 scrolls of enchant weapon {unknown}
 f - 2 scrolls of fear {unknown}
 g - 4 scrolls of magic mapping
 h - 4 scrolls of poison
 k - a scroll of brand weapon {unknown}
 p - 2 scrolls of immolation {unknown}
 q - 2 scrolls of blinking {unknown}
 t - 5 scrolls of vulnerability
 x - 2 scrolls of enchant armour {unknown}
 y - 2 scrolls of amnesia {unknown}
 F - a scroll of teleportation {unknown}
 H - a scroll of fog {unknown}
 O - a scroll of summoning {unknown}
 Q - a scroll of torment {unknown}
Potions
 d - 2 potions of might
 i - 2 potions of heal wounds
 j - a potion of degeneration {unknown}
 m - a potion of brilliance {unknown}
 s - a potion of haste {unknown}
 u - 3 potions of curing {unknown}
 v - 5 potions of lignification
 z - a potion of attraction {unknown}
 B - a potion of berserk rage {unknown}
 C - a potion of magic {unknown}
 G - 2 potions of cancellation


   Skills:
 + Level 5.0 Fighting
 + Level 6.9(7.7) Axes
 + Level 5.0(6.7) Maces & Flails
 + Level 5.7 Armour
 + Level 0.7 Dodging
 + Level 0.1 Stealth
 + Level 3.9 Shields


You had 8 spell levels left.
You didn't know any spells.
Your spell library contained the following spells:

 Spells                   Type           Power      Damage    Failure   Level
 Apportation              Tloc           0%         N/A       100%        1
 Shock                    Conj/Air       0%         1d3       100%        1
 Slow                     Hex            0%         N/A       100%        1
 Sting                    Tmut/Pois      0%         1d3       100%        1
 Static Discharge         Conj/Air       0%         3-3/arc   100%        2
 Dazzling Flash           Conj/Hex       0%         N/A       100%        3
 Swiftness                Air            0%         N/A       100%        3
 Airstrike                Air            0%         2d(0-16)  100%        4
 Dispel Undead            Necr           0%         3d6       100%        4
 Iskenderun's Mystic Bla  Conj/Tloc      0%         2d3       100%        4
 Sticky Flame             Conj/Fire      0%         2d3       100%        4
 Starburst                Conj/Fire      0%         6d3       100%        6


Dungeon Overview and Level Annotations

Branches:
Dungeon (8/15)             Temple (0/1) D:5
   Lair: D:8-11

Altars:
Ashenzari
Dithmenos
Hepliaklqana
Vehumet
Wu Jian

Shops:
D:1 !   D:3 (

Annotations:
D:7 2 transporters, zielscheibe's ghost, novice OgNe


Innate Abilities, Weirdness & Mutations

You are completely covered in rugged brown scales. (AC +3, +7% HP)
You have supernaturally acute eyesight. (SInv)
Armour fits poorly on your strangely shaped body.
You can roll at nearby foes to attack.
You have a long armoured tail.
You curl defensively after being hit. (AC +7*)


Message History

You tail-slap the kobold brigand!
The kobold brigand is almost dead.
You hit the acid dragon. You burn the acid dragon.
You feel very sick. The kobold brigand closely misses you.
The acid dragon barely misses you. The acid dragon completely misses you.
You slash the kobold brigand! You burn the kobold brigand.
You kill the kobold brigand!
Dithmenos accepts your kill.
You hit the acid dragon but do no damage.
You feel sick. The acid dragon bites you.
* * * LOW HITPOINT WARNING * * *
The acid dragon claws you but does no damage.
The acid dragon spits acid at you. The splash of acid hits you.
* * * LOW HITPOINT WARNING * * *
The acid corrodes you!
You have reached level 9!
Your experience leads to an increase in your attributes!
Increase (S)trength, (I)ntelligence, or (D)exterity?
You feel stronger. x2
You feel much better.
You feel sick. The acid dragon bites you.
The acid dragon claws you but does no damage.
You hit the acid dragon. You burn the acid dragon.
You tail-slap the acid dragon, but do no damage.
The acid dragon is moderately wounded.
You feel sick. The acid dragon barely misses you. x2
The acid dragon bites you but does no damage.
The acid dragon claws you.
You closely miss the acid dragon. You tail-slap the acid dragon!
The acid dragon is severely wounded.
You feel sick.
You are no longer poisoned.
You block the acid dragon's attack. The acid dragon claws you.
You barely miss the acid dragon.
The acid dragon is severely wounded.
You block the acid dragon's attack. The acid dragon closely misses you.
The acid dragon spits acid at you. The splash of acid hits you!!
You die...

..# . #... # .# ###..).
...##. #.#### .#.....
......##.#..## .?....#
.>..<........ ##.....##
............####.)......
..........#..##.@D..#
.......##...##.....##
.......†....#.....##
.....[.†......)...## #
#.......................
##.............###.#....
##..........#.####......
....................###
####..###......###### .


You could see an acid dragon (catching breath).

Vanquished Creatures
  Pikel (D:5)
  A wyvern (D:8)
  A water moccasin (D:7)
  An orc warrior (D:7)
  A sky beast (D:6)
  A black bear (D:5)
  An ice beast (D:6)
  2 centaurs
  A lemure (D:5)
  A kobold brigand (D:8)
  A bullfrog (D:8)
  Blork the orc (D:5)
  A scorpion (D:5)
  A necrophage (D:6)
  3 hounds
  A jelly (D:7)
  An orc priest (D:7)
  3 iguanas
  3 orc wizards (D:7)
  3 gnolls (D:5)
  6 adders
  A white imp (D:6)
  4 worms
  3 dart slugs
  20 orcs
  9 ball pythons
  An endoplasm (D:4)
  A giant cockroach (D:1)
  4 goblins
  5 hobgoblins
  3 quokkas
  5 bats
  5 frilled lizards (D:1)
  7 kobolds
  9 rats
112 creatures vanquished.

Vanquished Creatures (others)
  An orc wizard (D:7)
  4 fungi (D:3)
  2 plants (D:3)
7 creatures vanquished.

Grand Total: 119 creatures vanquished

Notes
Turn   | Place    | Note
-------+----------+-------------------------------------------
     0 | D:1      | owoPain the Palentonga Fighter began the quest for the Orb.
     0 | D:1      | Reached XP level 1. HP: 19/19 MP: 1/1
   337 | D:1      | Reached XP level 2. HP: 23/25 MP: 2/2
   818 | D:1      | Found Niepecik's Distillery.
  1377 | D:2      | Reached XP level 3. HP: 31/31 MP: 3/3
  1428 | D:2      | HP: 1/31 [worm (8)]
  2139 | D:3      | Found Mugg's Weapon Shop.
  2301 | D:3      | Noticed a centaur
  2305 | D:3      | Killed a centaur
  2306 | D:3      | Reached XP level 4. HP: 33/39 MP: 4/4
  2382 | D:3      | Reached XP level 5. HP: 42/44 MP: 5/5
  2577 | D:3      | Found a faded altar of an unknown god.
  2592 | D:3      | Prayed at the altar of an unknown god.
  2592 | D:3      | Became a worshipper of Dithmenos the Shadowed
  2592 | D:3      | Reached * piety under Dithmenos
  3404 | D:4      | You fall into a shaft and drop 3 floors!
  3423 | D:5      | Entered Level 5 of the Dungeon
  3435 | D:5      | Reached XP level 6. HP: 51/51 MP: 6/6
  3496 | D:5      | Found a radiant altar of Vehumet.
  3707 | D:5      | Reached skill level 1 in Axes
  3707 | D:5      | Reached skill level 5 in Maces & Flails
  3875 | D:5      | Noticed Pikel
  3894 | D:5      | HP: 2/51 [Pikel/+0 whip of flaming (2)]
  3895 | D:5      | Killed Pikel
  3896 | D:5      | Reached skill level 4 in Axes
  3896 | D:5      | Gained mutation: You curl defensively after being hit. (AC
                  | +7*) [Palentonga growth]
  3896 | D:5      | Reached XP level 7. HP: 1/57 MP: 7/7
  4215 | D:5      | Noticed Blork the orc
  4226 | D:5      | Killed Blork the orc
  4227 | D:5      | Reached XP level 8. HP: 30/65 MP: 8/8
  4498 | D:5      | Reached ** piety under Dithmenos
  4823 | D:5      | Found a staircase to the Ecumenical Temple.
  4830 | D:5      | Found a hazy altar of Hepliaklqana.
  5459 | D:6      | Found an ornate altar of the Wu Jian Council.
  5466 | D:6      | Reached skill level 5 in Axes
  5684 | D:6      | Reached skill level 5 in Armour
  6216 | D:7      | Found a transporter.
  6220 | D:7      | Identified the +10 giant spiked club "Iliastof" {vorpal,
                  | rF- rC++ Int+5}
  6222 | D:7      | Noticed zielscheibe's ghost (novice OgNe)
  6266 | D:7      | Found a transporter.
  6337 | D:7      | HP: 3/65 [orc warrior/+0 halberd (16)]
  6338 | D:7      | Reached skill level 6 in Axes
  7085 | D:7      | Found a broken altar of Ashenzari.
  7216 | D:8      | Got Xiupejas's Tutorial on Spellweaving
  7232 | D:8      | Reached skill level 5 in Fighting
  7315 | D:8      | Reached XP level 9. HP: 13/72 MP: 9/9
  7318 | D:8      | Killed from afar by an acid dragon

Illustrated notes

Levels and vault maps discovered:
D:1:      dpeg_arrival_brainrot, layout_loops_ring, serial_shops, shop_fountains
D:2:      layout_basic
D:3:      layout_loops_ring, shapermc_ecumenical_altar_mp_urbaneastern,
          serial_shops, nicolae_shop_bloodbath_and_beyond, corexii_corridor_pit,
          nicolae_eternal_life, minmay_ruptured
D:4:      layout_cave_pools
D:5:      layout_layer_cave, nicolae_hepliaklqana_hazy_memory,
          mainiacjoe_overflow_concentric_impassable, minmay_temple_entry_tees,
          uniq_pikel, uniq_blork_the_orc
D:6:      layout_basic, mainiacjoe_overflow_tiny_flanked, nrook_pool_corridor
D:7:      layout_loops_cross, general_overflow_altar, gammafunk_ghost_smash
D:8:      layout_rooms, nzn_makhleb_speed_demon, trog_book,
          gammafunk_temple_overflow_wave, minmay_crossroads

Skill      XL: |  1  2  3  4  5  6  7  8 |
---------------+-------------------------+-----
Shields        | 3 |  3.9
Maces & Flails | 3 4 5 |  5.0
Armour         | 3 4 5 |  5.7
Axes           | 4 6 |  6.9
Fighting       | 4 5 |  5.0
Dodging        | |  0.7
Stealth        | |  0.1

Action                   |  1- 3 |  4- 6 |  7- 9 || total
-------------------------+-------+-------+-------++-------
Melee: Flail             |   107 |    77 |       ||   184
       Tailslap          |    16 |    10 |    20 ||    46
       Hand axe          |       |    58 |   122 ||   180
 Abil: Rolling Charge    |     1 |     1 |       ||     2
  Use: Scroll            |       |       |     6 ||     6
       Potion            |       |       |     4 ||     4
Armor: Scale mail        |    47 |       |       ||    47
       Plate armour      |    26 |    95 |    54 ||   175
Dodge: Dodged            |    39 |    85 |    56 ||   180
Block: Buckler           |    19 |    25 |    27 ||    71
